 Dungeon Crawl Stone Soup version 0.19-a0-1498-g0b85ae9 (webtiles) character file.

1718 Leszczynek the Basher (level 9, -2/92 HPs)
             Began as an Ogre Necromancer on Sept 10, 2016.
             Was a Believer of Trog.
             Slain by Erica
             ... wielding a +2 scimitar of flaming
              (6 damage)
             ... on level 8 of the Dungeon.
             The game lasted 00:18:20 (4034 turns).

Leszczynek the Basher (Ogre Necromancer)            Turns: 4034, Time: 00:18:21

Health: -2/92      AC:  4    Str: 15    XL:     9   Next: 4%
Magic:  4/4        EV: 12    Int: 14    God:    Trog [**....]
Gold:   340        SH:  2    Dex: 15    Spells: 2 memorised, 10 levels left

rFire  . . .     SeeInvis .     B - +3 long sword of the Tent {antimagic, *Contam rElec rC+++ MR+ Str-2} (curse)
rCold  + + +     Gourm    .     i - +1 robe
rNeg   . . .     Faith    .     (no shield)
rPois  .         Spirit   .     (helmet restricted)
rElec  +         Dismiss  .     (no cloak)
rCorr  .         Reflect  +     (gloves unavailable)
MR     +....     Harm     .     (boots unavailable)
Stlth  ++........               r - +2 amulet of reflection
                                u - +4 ring of dexterity
                                n - ring of protection from cold

@: lethally poisoned (-2 -> -9), exhausted, slowed, very slow
A: unfitting armour, tough skin 1
a: Berserk, Trog's Hand, Burn Spellbooks, Renounce Religion


You were on level 8 of the Dungeon.
You worshipped Trog.
Trog was pleased with you.
You were near starving.

You visited 2 branches of the dungeon, and saw 9 of its levels.

You collected 340 gold pieces.

Inventory:

Hand Weapons
 a - a +2 flail of protection
 v - a +0 giant club
 B - the cursed +3 long sword of the Tent (weapon) {antimagic, *Contam rElec rC+++ MR+ Str-2}
   (You took it off Duvessa on level 5 of the Dungeon)

   It reduces the magical energy of the wielder, and disrupts the spells and
   magical abilities of those hit.
   Natural abilities and divine invocations are not affected.
   It affects your strength (-2).
   It renders you almost immune to cold.
   It insulates you from electricity.
   It affects your resistance to hostile enchantments.
   It causes magical contamination when unequipped.
   It has a curse placed upon it.
Missiles
 e - 7 tomahawks
 o - 4 poisoned tomahawks (quivered)
 s - 4 throwing nets
Armour
 i - a +1 robe (worn)
Magical Staves
 C - an uncursed staff of conjuration {unknown}
Jewellery
 n - a ring of protection from cold (left hand)
 r - a +2 amulet of reflection (around neck)
 u - a +4 ring of dexterity (right hand)
Wands
 g - a wand of iceblast (2/15)
 m - a wand of flame (18/48)
 x - a wand of acid (6/15)
Scrolls
 j - 3 scrolls of fog
 k - 2 scrolls of enchant armour
 l - a scroll of identify
 z - a scroll of teleportation
Potions
 c - a potion of curing
 f - a potion of invisibility
 h - 2 potions of magic
 q - a potion of lignification {unknown}
 w - 2 potions of heal wounds
Books
 b - a book of Necromancy

   Spells                             Type                      Level
   a - Pain                           Necromancy                   1
   b - Animate Skeleton               Necromancy                   1
   c - Vampiric Draining              Necromancy                   3
   d - Regeneration                   Charms/Necromancy            3
   e - Animate Dead                   Necromancy                   4
   f - Control Undead                 Necromancy                   4
   Trog disapproves of the use of such an item.
 y - a book of Battle

   Spells                             Type                      Level
   a - Infusion                       Charms                       1
   b - Shroud of Golubria             Charms/Translocation         2
   c - Song of Slaying                Charms                       2
   d - Spectral Weapon                Hexes/Charms                 3
   e - Regeneration                   Charms/Necromancy            3
   Trog disapproves of the use of such an item.
Comestibles
 d - 2 bread rations
 p - a beef jerky
 t - 4 meat rations
 A - 5 fruits
 D - 6 chunks of flesh


   Skills:
 + Level 6.6 Fighting
 - Level 11.0 Maces & Flails
 + Level 4.7 Dodging
 - Level 1.5 Stealth
 - Level 2.4 Spellcasting
 - Level 2.9 Necromancy


You had 10 spell levels left.
You knew the following spells:

 Your Spells              Type           Power        Failure   Level  Hunger
a - Pain                  Necr           ##..         10%         1    #......
b - Animate Skeleton      Necr           N/A          10%         1    #......


Dungeon Overview and Level Annotations

Branches:
Dungeon (8/15)             Temple (1/1) D:4
   Lair: D:8-11

Altars:
Fedhas
Nemelex Xobeh
Ru
Trog

Annotations:
D:3 Leszczynek's ghost, amateur OgNe
D:8 Erica


Innate Abilities, Weirdness & Mutations

You are too large for most types of armour.
You have tough skin. (AC +1)


Message History

Your skin stops crawling.
You feel less resistant to hostile enchantments.
You feel sick.
You feel sick. Something hits you.
* * * LOW HITPOINT WARNING * * *
Something burns you.
* * * LOW HITPOINT WARNING * * *
You barely miss something.
You feel sick.
You hear some strange, mumbled words.
An orb of energy appears from out of thin air!
The orb of energy hits you!
* * * LOW HITPOINT WARNING * * *
The orb of energy explodes!
You block something's attack.
You barely miss something.
* * * LOW HITPOINT WARNING * * *
You feel very sick.
You hear some strange, mumbled words.
Something tries to affect you, but you resist.
Something hits you.
You die...

##....#........ ....#
##..... #...# #.......
#....####...... ...#
#......# #...##.......
...# #.....# #..........#
..## #.....# ##...รท....##
.##
#....>########.........##
.#
#....(................###
.##
#....(...................
..#
#.......@................
..##
#(..(.(.)................
...###
##...###..................
.....###...##
##........######...
###.......## ##..(....#
#... # #.......#
#.......## #... #
#.......# ##.......## #..#
#...##..## #........# #...
#...####..# #..........
#...


There were no monsters in sight!

Vanquished Creatures
  Menkaure (D:7)
  Duvessa (D:5)
  2 ice beasts
  An orc warrior (D:7)
  A sky beast (D:4)
  2 ogres
  2 centaurs
  2 giant frogs (D:6)
  Dowan (D:5)
  A scorpion (D:4)
  2 howler monkeys (D:5)
  A crimson imp (D:5)
  A quasit (D:7)
  A centaur skeleton (D:4)
  2 orc wizards (D:6)
  2 iguanas (D:6)
  4 worker ants
  12 adders
  A shadow imp (D:6)
  2 oozes
  2 adder skeletons
  An adder zombie (D:5)
  A worm (D:2)
  A dart slug (D:4)
  4 giant geckos
  7 orcs
  2 giant cockroaches
  A goblin (D:3)
  4 hobgoblins (D:1)
  7 jackals
  A quokka (D:7)
  A ball python (D:3)
  2 bats
  3 giant newts
  2 rats (D:3)
81 creatures vanquished.

Vanquished Creatures (collateral kills)
  An adder (D:3)
  A giant cockroach (D:1)
  2 goblins (D:3)
  A hobgoblin (D:3)
5 creatures vanquished.

Grand Total: 86 creatures vanquished

Notes
Turn   | Place    | Note
-------+----------+-------------------------------------------
     0 | D:1      | Leszczynek the Ogre Necromancer began the quest for the Orb.
     0 | D:1      | Reached XP level 1. HP: 16/16 MP: 3/3
     2 | D:1      | Learned a level 1 spell: Animate Skeleton
    79 | D:3      | Noticed Leszczynek's ghost (amateur OgNe)
   194 | D:3      | Reached skill level 1 in Fighting
   250 | D:2      | Reached skill level 2 in Maces & Flails
   250 | D:2      | Reached XP level 2. HP: 20/27 MP: 5/5
   578 | D:2      | Reached skill level 3 in Maces & Flails
   628 | D:3      | Reached XP level 3. HP: 31/33 MP: 6/6
   764 | D:3      | Found a faded altar of an unknown god.
   782 | D:3      | Reached skill level 4 in Maces & Flails
   932 | D:3      | Became a worshipper of Trog the Wrathful
   932 | D:3      | Reached * piety under Trog
   972 | D:4      | Found a staircase to the Ecumenical Temple.
   997 | D:4      | Noticed a scorpion
  1011 | Temple   | Entered the Ecumenical Temple
  1063 | D:4      | Reached XP level 4. HP: 18/41 MP: 7/7
  1075 | D:4      | HP: 4/41 [poisoned by an adder]
  1080 | D:4      | HP: 3/41 [poisoned by an adder]
  1228 | D:4      | Reached skill level 5 in Maces & Flails
  1274 | D:4      | Noticed a sky beast
  1370 | D:4      | Reached skill level 6 in Maces & Flails
  1370 | D:4      | Reached XP level 5. HP: 41/48 MP: 8/8
  1868 | D:5      | Entered Level 5 of the Dungeon
  1868 | D:5      | Noticed Dowan
  1871 | D:5      | Noticed Duvessa
  1931 | D:4      | Killed a sky beast
  1931 | D:4      | Reached skill level 7 in Maces & Flails
  1931 | D:4      | Reached XP level 6. HP: 55/55 MP: 9/9
  1974 | D:5      | Noticed an ice beast
  1981 | D:5      | Killed an ice beast
  1981 | D:5      | Reached skill level 8 in Maces & Flails
  2060 | D:5      | Reached XP level 7. HP: 49/62 MP: 10/10
  2197 | D:6      | Reached skill level 9 in Maces & Flails
  2199 | D:6      | Found a sacrificial altar of Ru.
  2305 | D:5      | Killed Duvessa
  2305 | D:5      | Reached skill level 10 in Maces & Flails
  2312 | D:5      | Killed Dowan
  2334 | D:5      | Got a fine long sword {antimagic}
  2335 | D:5      | Identified the cursed +3 long sword of the Tent {antimagic, *Contam rElec rC+++ MR+ Str-2} (You took it off Duvessa on level 5 of the Dungeon)
  2336 | D:5      | thanks
  2422 | D:5      | Reached ** piety under Trog
  2620 | D:6      | Reached skill level 11 in Maces & Flails
  2620 | D:6      | Reached XP level 8. HP: 17/70 MP: 3/11
  2874 | D:6      | Reached skill level 2 in Dodging
  3040 | D:6      | Reached skill level 2 in Fighting
  3127 | D:6      | Reached skill level 3 in Fighting
  3390 | D:7      | Reached skill level 3 in Dodging
  3420 | D:7      | Reached skill level 4 in Fighting
  3469 | D:7      | Noticed Menkaure
  3485 | D:7      | Killed Menkaure
  3485 | D:7      | Reached skill level 5 in Fighting
  3698 | D:7      | Reached skill level 4 in Dodging
  3900 | D:8      | Reached skill level 6 in Fighting
  3961 | D:8      | Noticed Erica
  3973 | D:8      | Reached XP level 9. HP: 61/92 MP: 4/12
  4033 | D:8      | HP: 6/92 [something/orb of energy (14)]
  4034 | D:8      | Slain by Erica

Vault maps used:
D:1:      dpeg_arrival_shrine
D:2:      first_bread
D:3:      ecumenical_altar_1, serial_bayou_lake_a
D:5:      uniq_eustachio, uniq_duvessa
D:6:      basic_altar
D:7:      black_bear_nest_1, grunt_livestock, uniq_menkaure, uniq_prince_ribbit1
D:8:      uniq_pikel, uniq_erica, uniq_maurice
Temple:   regret_index_temple_sigil_plot

Skill      XL: |  1  2  3  4  5  6  7  8 |
---------------+-------------------------+-----
Fighting       | 1 6 |  6.6
Maces & Flails | 2 3 4 6 7 8 11 | 11.0
Dodging        | 4 |  4.7
Stealth        | |  1.5
Spellcasting   | |  2.4
Necromancy     | |  2.9

Action                   |  1- 3 |  4- 6 |  7- 9 || total
-------------------------+-------+-------+-------++-------
Melee: Hand axe          |    29 |       |       ||    29
       Flail             |    11 |    69 |    44 ||   124
       Long sword        |       |       |   163 ||   163
Throw: Tomahawk          |     1 |     4 |     2 ||     7
 Cast: Pain              |    24 |       |       ||    24
       Animate Skeleton  |     9 |       |       ||     9
Invok: Berserk           |     1 |     2 |     6 ||     9
       Trog's Hand       |       |       |     3 ||     3
Evoke: Wand              |       |     2 |     6 ||     8
  Use: Potion            |     1 |       |       ||     1
       Scroll            |       |     4 |    11 ||    15
 Stab: Sleeping          |       |       |     2 ||     2
  Eat: Chunk             |     1 |     4 |    11 ||    16
       Royal jelly       |       |     1 |       ||     1
       Pizza             |       |     1 |       ||     1
       Beef jerky        |       |       |     1 ||     1
Armor: Robe              |    17 |    35 |    65 ||   117
Dodge: Dodged            |    29 |    39 |   116 ||   184
Block: Other             |       |       |    19 ||    19
       Reflection        |       |       |     1 ||     1
